Map: Arctic Dream LE

Players

Massa

  • Race: Terran Terran
  • League: Gold
  • Spawn Location: 5:00

qqq

  • Race: Zerg Zerg
  • League: Platinum
  • Spawn Location: 6:00

FakeDumpling

  • Race: Terran Terran
  • League: Platinum
  • Spawn Location: 12:00

Potatolisk

  • Race: Zerg Zerg
  • League: Diamond
  • Spawn Location: 11:00

VOD

Have the link to the VOD?

Description

Time

  • Played on: July 26, 2020, 10:31 a.m.
  • Length: 23:25
Show
View Real Time Build Order
Export as new Build Order

Massa Terran 

Build Orders: Reaper Expand 

Get SALT Encoding   

  12  0:03  SCV  
  13  0:14  Supply Depot  
  13  0:17  SCV  
  14  0:30  SCV  
  15  0:37  Barracks  
  15  0:42  SCV  
  16  0:52  Refinery  
  16  0:54  SCV  
  17  1:00  Supply Depot  
  17  1:11  Supply Depot  
  17  1:31  SCV  
  18  1:43  SCV  
  19  2:00  Orbital Command  
  18  2:02  Reaper  
  19  2:17  Command Center  
  19  2:20  Barracks  
  19  2:25  SCV  
  20  2:34  Reaper  
  21  2:37  SCV  
  22  2:48  Factory  
  22  2:49  SCV  
  23  3:09  Barracks Tech Lab  
  23  3:10  Marine  
  24  3:28  Marine  
  25  3:38  Factory Tech Lab  
  24  3:42  Engineering Bay  
  24  3:46  Engineering Bay  
  24  3:51  Command Center  
  24  3:52  Barracks Tech Lab  
  24  3:53  Marauder  
  26  3:58  Barracks  
  26  3:59  SCV  
  26  4:00  SCV  
  28  4:11  SCV  
  28  4:14  Marauder  
  31  4:19  Refinery  
  31  4:24  Siege Tank  
  31  4:29  SCV x2  
  36  4:41  SCV x2  
  38  4:47  Marauder  
  42  4:53  SCV  
  42  4:54  SCV  
  44  5:02  Marine  
  44  5:05  SCV  
  44  5:17  Missile Turret  
  44  5:18  Marine  
  44  5:20  Marine  
  44  5:21  Widow Mine  
  40  5:36  Marine  
  40  5:38  Marine  
  40  5:42  Widow Mine  
  42  5:43  Missile Turret  
  39  5:54  Marine  
  39  5:56  Marine  
  41  6:11  Marine  
  41  6:13  Marine  
  43  6:29  Marine  
  43  6:31  Marine  
  42  6:56  SCV x2  
  42  6:59  Siege Tank  
  47  7:08  SCV x2  
  46  7:15  Missile Turret  
  46  7:25  Missile Turret  
  46  7:41  Stimpack  
  45  7:49  SCV  
  45  7:50  SCV  
  47  7:59  Missile Turret  
  47  8:01  SCV  
  47  8:02  SCV  
  49  8:13  Marine x2  
  49  8:14  SCV x2  
  49  8:19  Barracks Reactor  
  53  8:21  Widow Mine  
  53  8:26  SCV x2  
  57  8:30  Marine  
  57  8:31  Marine  
  59  8:38  SCV x2  
  61  8:46  Missile Turret  
  60  8:48  Marine  
  61  9:14  Orbital Command  
  61  9:15  Supply Depot x2  
  61  9:17  Supply Depot  
  61  9:19  Missile Turret x2  
  61  9:29  Missile Turret  
  61  9:36  SCV, Marine x2  
  61  9:37  Widow Mine  
  66  9:39  Orbital Command  
  66  9:40  Supply Depot x2  
  66  9:48  SCV  
  67  9:54  Marine x2  
  67  9:58  Widow Mine  
  71  10:00  SCV  
  72  10:12  Marine  
  69  10:22  SCV x2  
  69  10:23  SCV  
  72  10:34  SCV x2  
  74  10:35  SCV  
  74  10:46  SCV x2  
  74  10:47  SCV  
  77  10:51  Combat Shield  
  77  10:52  Concussive Shells  
  77  10:54  Widow Mine  
  79  11:08  Refinery  
  79  11:09  Refinery  
  79  11:16  Widow Mine  
  81  11:19  Command Center  
  80  11:37  Widow Mine  
  80  11:38  SCV x3, Missile Turret  
  85  11:50  SCV x3  
  88  12:02  SCV, Marauder x2  
  88  12:03  SCV x2, Marine x2  
  97  12:09  Command Center  
  97  12:14  SCV, Armory, Terran Infantry Armor Level 1  
  97  12:15  SCV x2, Terran Infantry Weapons Level 1  
  100  12:21  Marine  
  101  12:29  Supply Depot x2  
  101  12:30  SCV x3, Siege Tank, Marine, Supply Depot x2  
  101  12:31  Marauder x2, Supply Depot  
  101  12:33  Orbital Command  
  106  12:39  Marine  
  106  12:42  SCV x3  
  110  12:48  Marine  
  111  12:52  Refinery, Marauder x2  
  111  12:54  Armory  
  111  12:55  Missile Turret  
  111  12:57  Marine, Missile Turret x2  
  116  13:06  Marine  
  116  13:08  Starport  
  116  13:11  SCV x4  
  121  13:13  Marauder x2  
  121  13:14  Marine  
  121  13:19  Missile Turret  
  126  13:21  Missile Turret  
  126  13:23  SCV x3, Marine, Missile Turret  
  130  13:27  Orbital Command  
  130  13:30  Missile Turret  
  130  13:32  Marine  
  131  13:35  Marauder x2  
  131  13:37  Terran Vehicle And Ship Armor Level 1  
  135  13:42  Missile Turret  
  135  13:45  Missile Turret  
  135  13:50  Missile Turret  
  135  13:55  Marine  
  135  13:56  Marine  
  137  14:03  Factory  
  137  14:09  Marine  
  138  14:10  Marine  
  138  14:12  Missile Turret  
  138  14:14  Marauder x2  
  142  14:27  Marine x2  
  142  14:35  Marauder x2  
  146  14:45  Marine x2  
  148  14:56  Marine  
  148  14:57  Marauder  
  151  15:01  Command Center  
  151  15:03  Marine  
  152  15:09  Missile Turret  
  152  15:12  Missile Turret x2  
  140  15:14  Command Center  
  131  15:31  Terran Vehicle Weapons Level 1  
  131  15:33  Missile Turret  
  131  15:35  Missile Turret x2  
  131  15:49  Marauder x2, Marine  
  123  15:50  Marine  
  123  15:52  Factory Tech Lab, Thor  
  123  15:56  Factory  
  131  16:03  Barracks  
  131  16:06  Barracks  
  131  16:07  Marine  
  131  16:08  Marine  
  131  16:10  Marauder  
  131  16:11  Marauder  
  137  16:20  Command Center  
  137  16:25  Marine  
  137  16:26  Marine  
  137  16:32  Marauder x2  
  143  16:35  Thor  
  143  16:36  Medivac  
  151  16:42  Thor  
  151  16:43  Marine x2  
  159  16:48  Orbital Command  
  159  16:49  SCV x4  
  159  16:53  Marauder  
  159  16:54  Marauder  
  167  17:01  SCV x4  
  168  17:06  Medivac  
  173  17:09  Smart Servos  
  173  17:10  Barracks Reactor  
  173  17:12  Barracks Tech Lab  
  173  17:13  SCV x3  
  173  17:15  Marauder x2  
  180  17:20  Missile Turret  
  180  17:25  Thor  
  186  17:30  Orbital Command  
  186  17:34  SCV  
  186  17:35  SCV x5  
  186  17:36  Medivac  
  194  17:39  Missile Turret  
  193  17:47  SCV x2  
  186  18:00  Missile Turret  
  150  18:09  Marine  
  150  18:10  Marauder x2, Marine  
  125  18:14  Marine  
  125  18:15  Marauder, Marine  
  125  18:17  Thor  
  125  18:18  Thor  
  125  18:19  Factory Tech Lab  
  135  18:20  Missile Turret  
  135  18:26  Factory  
  129  18:27  Marine x2  
  129  18:31  Marauder x2  
  129  18:32  Marine x2  
  137  18:36  Marauder  
  137  18:41  Missile Turret  
  137  18:45  Marine x2  
  130  18:50  Marine x2  
  130  18:52  Marauder x2  
  130  18:53  Planetary Fortress  
  136  18:58  Marauder  
  136  19:00  Thor  
  136  19:01  Thor  
  145  19:03  Marine x2  
  145  19:08  Marine x2  
  147  19:13  Factory  
  147  19:14  Marauder x2  
  147  19:15  Missile Turret  
  151  19:19  Marauder  
  151  19:21  Marine x2  
  151  19:22  Factory Tech Lab  
  155  19:26  Marine x2  
  153  19:35  Marauder x2  
  146  19:39  Marine x2  
  146  19:40  Marauder  
  146  19:43  Marine, Thor x2  
  139  19:53  Thor x2  
  139  19:56  Marauder  
  139  19:57  Marauder  
  131  20:00  Factory Tech Lab  
  131  20:02  Marauder  
  129  20:18  Marauder x2  
  133  20:23  Marauder, Command Center  
  133  20:26  Thor, Missile Turret x3  
  133  20:27  Missile Turret x3  
  141  20:49  Missile Turret  
  141  21:01  Marauder  
  141  21:02  Marauder x2  
  141  21:03  Thor  
  139  21:09  Thor  
  114  21:14  Marine x4  
  114  21:16  Thor x2  
  112  21:22  Marauder  
  112  21:24  Marauder x2  
  101  21:31  Marine  
  101  21:32  Marine x3  
  103  21:41  Thor  
  103  21:44  Marauder  
  103  21:45  Marauder x2  
  115  21:49  Marine x2  
  115  21:50  Marine x2  
  115  21:52  Command Center, Missile Turret  
  115  21:54  Missile Turret x4  
  119  21:55  Missile Turret  
  119  21:56  Missile Turret  
  119  21:58  Missile Turret  
  119  22:05  Marauder  
  119  22:06  Marauder x2  
  119  22:07  Marine  
  114  22:27  Marauder  
  114  22:28  Marauder x2  
  118  22:48  Marauder  
  118  22:49  Marauder x2  
  108  22:53  Command Center  
Show
View Real Time Build Order
Export as new Build Order

qqq Zerg 

Build Orders: Hatch First 

Get SALT Encoding   

  12  0:02  Drone  
  13  0:11  Drone  
  14  0:36  Hatchery  
  13  0:57  Spawning Pool  
  12  0:58  Overlord  
  12  1:02  Drone  
  13  1:08  Drone  
  13  1:10  Extractor  
  13  1:13  Drone  
  14  1:22  Drone  
  15  1:31  Drone  
  16  1:44  Drone  
  17  1:48  Drone  
  18  1:55  Queen  
  18  1:57  Queen  
  18  2:00  Drone  
  23  2:09  Drone  
  24  2:20  Drone  
  24  2:21  Drone x2  
  27  2:24  Metabolic Boost  
  27  2:28  Overlord  
  27  2:31  Zergling x2  
  28  2:37  Overlord  
  28  2:47  Overlord  
  28  2:48  Zergling x2  
  28  2:49  Drone  
  30  2:58  Zergling x2  
  30  3:00  Drone  
  32  3:08  Zergling x6  
  32  3:09  Zergling x2  
  36  3:16  Zergling x2  
  37  3:23  Drone, Roach Warren  
  37  3:33  Zergling x2  
  38  3:35  Drone x3  
  38  3:37  Drone, Overlord  
  38  3:39  Zergling x2  
  38  3:40  Drone  
  44  3:42  Drone  
  44  3:44  Drone  
  46  3:53  Zergling x2  
  47  3:58  Drone  
  48  4:04  Zergling x2  
  49  4:11  Roach  
  49  4:13  Roach x2  
  49  4:14  Hatchery  
  54  4:18  Drone x3  
  54  4:20  Roach  
  59  4:24  Overlord  
  59  4:28  Overlord  
  59  4:43  Roach x2  
  59  4:44  Roach x2  
  59  4:45  Lair  
  66  4:46  Drone x2  
  68  4:58  Spore Crawler  
  67  5:00  Spore Crawler  
  66  5:11  Spore Crawler  
  65  5:17  Roach x3  
  65  5:19  Roach x2  
  75  5:22  Overlord  
  75  5:31  Pneumatized Carapace  
  75  5:46  Roach  
  75  5:47  Roach  
  75  5:48  Zergling x6  
  75  5:49  Zergling x6  
  85  5:51  Drone x3  
  88  5:59  Extractor  
  87  6:08  Overseer  
  87  6:17  Drone x2, Extractor  
  88  6:19  Overlord  
  88  6:20  Overlord x3  
  88  6:21  Drone  
  89  6:27  Spine Crawler  
  89  6:28  Drone  
  89  6:29  Overlord x2  
  89  6:30  Overlord x2  
  89  6:45  Drone x2  
  91  6:49  Drone x2  
  91  6:51  Roach  
  95  7:03  Nydus Network  
  95  7:04  Zergling x2, Roach x3  
  95  7:07  Zergling x8  
  95  7:08  Drone x3  
  108  7:21  Drone  
  108  7:22  Roach  
  111  7:25  Glial Reconstitution  
  111  7:26  Zergling x6  
  114  7:42  Nydus Canal  
  104  8:33  Roach x3  
  104  8:34  Roach x3  
  100  8:38  Drone x2  
  100  8:39  Drone  
  97  8:45  Spire  
  96  8:58  Drone  
  96  9:00  Roach x4  
  105  9:07  Drone, Hatchery  
  105  9:08  Roach x2  
  109  9:14  Hatchery x2  
  92  9:21  Drone  
  90  9:24  Hatchery  
  90  9:26  Hatchery  
  90  9:29  Hatchery  
  87  9:37  Drone  
  78  9:42  Drone x3  
  78  9:43  Drone x4  
  85  9:53  Drone x2  
  87  10:10  Drone x2  
  87  10:11  Drone x4  
  93  10:17  Drone  
  93  10:18  Drone  
  95  10:23  Mutalisk x4  
  101  10:37  Roach  
  101  10:38  Drone x3, Roach  
  101  10:39  Drone x6  
  101  10:40  Drone  
  101  10:41  Overlord  
  110  10:51  Spore Crawler, Corruptor x2  
  110  10:56  Spore Crawler  
  107  10:58  Drone x4  
  107  10:59  Drone x5  
  107  11:00  Drone x3, Spore Crawler x2  
  115  11:04  Drone x2  
  116  11:14  Spore Crawler  
  116  11:18  Spore Crawler  
  111  11:20  Spore Crawler  
  96  11:41  Corruptor x2  
  85  11:49  Spore Crawler  
  85  11:50  Spine Crawler  
  85  11:51  Spine Crawler  
  85  11:52  Spine Crawler  
  80  11:54  Spine Crawler  
  80  11:55  Drone x5, Spine Crawler  
  80  11:56  Drone x2  
  85  12:02  Drone x2  
  87  12:11  Corruptor  
  87  12:15  Zerg Flyer Armor Level 1  
  89  12:19  Drone x3  
  93  12:22  Drone  
  93  12:23  Drone  
  93  12:24  Extractor  
  93  12:25  Drone  
  93  12:29  Drone x2  
  93  12:35  Spine Crawler  
  93  12:36  Drone x2  
  94  12:40  Mutalisk  
  94  12:43  Mutalisk  
  98  12:45  Drone  
  98  12:50  Spine Crawler  
  98  12:52  Spore Crawler  
  98  12:56  Zergling x4  
  98  12:57  Zergling x2  
  98  12:58  Zergling x2  
  101  13:00  Drone  
  101  13:01  Drone  
  103  13:07  Drone x4  
  103  13:09  Drone  
  103  13:11  Drone  
  103  13:12  Drone  
  110  13:17  Corruptor  
  112  13:25  Drone x3  
  112  13:26  Infestation Pit  
  114  13:27  Drone x2  
  114  13:28  Drone  
  109  13:48  Mutalisk  
  108  13:49  Corruptor x2  
  108  13:51  Zergling x4  
  108  13:52  Drone x5  
  108  13:53  Drone x2  
  120  14:02  Mutalisk  
  118  14:04  Zergling x2  
  118  14:05  Drone x4  
  118  14:06  Drone  
  126  14:14  Zergling x4  
  126  14:16  Roach x3  
  126  14:17  Roach  
  136  14:26  Spine Crawler  
  136  14:29  Roach x2  
  136  14:30  Zergling x8  
  143  14:32  Roach x3  
  143  14:36  Drone x3  
  143  14:38  Roach  
  154  14:39  Roach  
  153  14:56  Corruptor  
  153  14:57  Corruptor  
  132  15:13  Drone  
  129  15:14  Drone x2  
  129  15:16  Drone x4  
  129  15:17  Drone x2, Roach x2  
  129  15:18  Roach x2  
  129  15:19  Roach  
  145  15:27  Drone  
  145  15:28  Roach x2  
  150  15:36  Drone  
  150  15:38  Spore Crawler  
  147  16:11  Corruptor  
  128  16:14  Drone  
  128  16:15  Drone x5  
  128  16:17  Spore Crawler  
  133  16:19  Extractor x2  
  133  16:21  Extractor  
  133  16:23  Extractor x2  
  133  16:24  Drone x2  
  133  16:25  Drone x4  
  133  16:26  Corruptor  
  135  16:34  Drone  
  135  16:37  Drone, Spine Crawler  
  135  16:38  Drone x4  
  135  16:39  Drone x2  
  142  16:48  Drone x3  
  145  16:58  Corruptor  
  147  17:04  Drone  
  147  17:05  Drone x3  
  151  17:28  Spore Crawler x2  
  149  17:31  Spore Crawler x2  
  149  17:32  Spore Crawler  
  149  17:33  Spore Crawler  
  141  17:38  Spore Crawler  
  141  17:40  Spore Crawler x2  
  141  17:41  Spore Crawler  
  115  17:45  Corruptor x6  
  115  17:47  Drone x6  
  115  17:48  Drone x6  
  138  17:58  Ravager x6  
  143  18:01  Zergling x4  
  143  18:02  Drone x3  
  143  18:04  Spore Crawler  
  148  18:07  Extractor, Spore Crawler x2  
  148  18:09  Extractor, Spore Crawler  
  148  18:10  Drone  
  144  18:13  Drone x3  
  144  18:19  Hatchery  
  147  18:20  Zergling x6  
  149  18:29  Hatchery x2  
  149  18:30  Hatchery  
  146  18:37  Hatchery  
  146  18:40  Zerg Flyer Armor Level 2  
  145  18:45  Corruptor x4  
  145  18:47  Drone x5  
  145  18:48  Drone x2  
  160  18:50  Zergling x2  
  161  19:02  Drone x2  
  163  19:03  Drone x3  
  163  19:04  Evolution Chamber  
  163  19:05  Overlord  
  163  19:06  Evolution Chamber  
  164  19:10  Infestation Pit  
  140  19:48  Zergling x2  
  140  19:49  Zergling x16  
  140  19:50  Zergling x10  
  140  19:51  Zergling x8  
  158  19:59  Zerg Melee Weapons Level 1  
  158  20:00  Zerg Ground Armor Level 1  
  158  20:04  Drone  
  158  20:05  Hydralisk Den  
  143  20:23  Corruptor  
  143  20:24  Corruptor x8  
  143  20:25  Corruptor x3  
  143  20:27  Zergling x6  
  143  20:28  Zergling x2  
  152  20:55  Spine Crawler  
  143  20:57  Corruptor  
  143  20:58  Mutalisk x2, Hydralisk, Spine Crawler x3  
  143  20:59  Hydralisk x2  
  143  21:00  Zergling x2  
  143  21:02  Spine Crawler  
  152  21:11  Grooved Spines  
  134  21:30  Roach x4  
  134  21:31  Roach  
  138  21:42  Roach x2  
  142  21:51  Zergling x2  
  142  21:52  Roach x2  
  120  22:24  Drone x3  
  120  22:26  Lurker Den  
  121  22:36  Ravager x7  
  127  22:39  Ravager  
  127  22:40  Ravager  
Show
View Real Time Build Order
Export as new Build Order

FakeDumpling Terran 

Build Orders: Banshee Rush 

Get SALT Encoding   

  12  0:02  SCV  
  13  0:13  Supply Depot  
  13  0:29  SCV  
  13  0:35  Refinery  
  14  0:37  Barracks  
  14  0:42  SCV  
  15  0:54  SCV  
  16  1:19  SCV  
  17  1:27  Bunker  
  17  1:29  Marine  
  17  1:31  SCV  
  19  1:36  Refinery  
  19  1:44  SCV  
  20  1:51  Marine  
  21  1:57  SCV, Factory  
  22  2:01  Supply Depot  
  22  2:09  Marine  
  23  2:23  SCV  
  24  2:36  Command Center  
  24  2:43  Factory Tech Lab  
  24  2:50  Starport  
  24  2:53  SCV  
  24  2:57  Reaper  
  27  3:09  Orbital Command  
  26  3:33  Banshee  
  26  3:34  Factory Tech Lab, Cloaking Field  
  29  3:37  SCV  
  30  3:49  SCV  
  30  3:53  Engineering Bay  
  30  3:54  Cyclone  
  34  3:57  Marine  
  35  4:15  SCV  
  35  4:16  Banshee  
  39  4:18  Orbital Command  
  39  4:28  SCV  
  40  4:34  Missile Turret  
  40  4:42  Marine  
  41  4:53  Hyperflight Rotors  
  41  4:54  Siege Tank  
  41  4:59  Supply Depot  
  44  5:02  Missile Turret  
  43  5:17  SCV x2  
  43  5:18  Marine  
  46  5:26  Siege Tank  
  49  5:29  SCV  
  49  5:30  SCV  
  51  5:36  Marine  
  51  5:42  SCV x2  
  54  6:03  Banshee  
  54  6:13  Command Center  
  54  6:23  Fusion Core  
  54  7:16  Supply Depot  
  54  7:24  Refinery  
  54  7:25  Banshee, Siege Tank, Marine, SCV x2  
  54  7:29  Refinery, Command Center  
  60  7:37  SCV x2  
  60  7:42  Marine  
  60  7:43  Planetary Fortress  
  63  7:48  Missile Turret  
  63  7:51  SCV x2  
  63  7:56  Weapon Refit  
  63  7:57  Siege Tank  
  68  8:00  Marine  
  68  8:03  SCV  
  68  8:04  SCV  
  71  8:08  Missile Turret  
  71  8:18  Marine  
  50  8:28  SCV x3, Missile Turret  
  51  8:36  Marine  
  51  8:40  SCV x3  
  55  8:44  Missile Turret  
  55  8:45  Battlecruiser  
  61  8:49  Orbital Command  
  61  8:51  Missile Turret  
  61  8:52  SCV x2  
  61  8:53  SCV  
  61  8:54  Marine  
  65  9:04  SCV  
  65  9:05  SCV x2  
  65  9:08  Command Center  
  68  9:12  Marine, Missile Turret  
  68  9:16  SCV  
  72  9:17  SCV x2, Siege Tank  
  72  9:23  Refinery  
  75  9:28  Refinery, SCV  
  75  9:29  SCV x2  
  78  9:33  Missile Turret  
  78  9:39  Marine  
  78  9:41  SCV x3  
  82  9:50  Siege Tank  
  82  9:52  SCV  
  86  9:53  SCV x2  
  86  9:57  Marine  
  89  10:03  Starport  
  89  10:15  Marine  
  89  10:20  Battlecruiser  
  96  10:21  Missile Turret  
  90  10:33  Marine  
  79  10:45  Siege Tank  
  82  10:51  Marine  
  83  10:59  Orbital Command  
  83  11:02  Starport Tech Lab  
  83  11:09  Marine, Command Center  
  84  11:20  Neosteel Armor  
  84  11:21  Armory  
  84  11:24  SCV, Battlecruiser  
  84  11:25  SCV x2  
  93  11:26  Marine  
  94  11:44  Marine  
  95  11:53  Medivac  
  97  11:55  SCV  
  97  11:56  SCV x2  
  100  12:02  Marine  
  101  12:10  Terran Vehicle And Ship Armor Level 1  
  101  12:11  Command Center  
  101  12:20  Marine  
  102  12:24  Missile Turret, Battlecruiser  
  102  12:28  Battlecruiser  
  102  12:29  Planetary Fortress  
  114  12:35  SCV x5  
  119  12:38  Marine  
  120  12:45  Missile Turret  
  120  12:46  Thor  
  126  12:55  Marine  
  127  13:00  Terran Infantry Armor Level 1  
  127  13:05  Missile Turret  
  127  13:13  Marine  
  128  13:25  Armory  
  128  13:26  Refinery, Missile Turret  
  128  13:28  Battlecruiser  
  128  13:29  Thor  
  128  13:31  Marine  
  141  13:39  Battlecruiser  
  143  13:49  Marine  
  143  13:50  Refinery  
  144  13:55  SCV  
  144  13:56  SCV  
  144  13:58  SCV  
  142  14:07  Sensor Tower, Marine  
  143  14:15  Command Center  
  143  14:24  Marine  
  144  14:37  Orbital Command  
  144  14:39  Terran Ship Weapons Level 1  
  144  14:40  Terran Vehicle Weapons Level 1  
  144  14:42  Marine  
  145  14:54  Terran Infantry Weapons Level 1  
  145  15:01  Marine, Medivac  
  145  15:10  Command Center, Missile Turret  
  145  15:19  Marine  
  142  15:26  Thor  
  142  15:27  Battlecruiser  
  154  15:28  Orbital Command  
  154  15:32  Starport, Missile Turret, Battlecruiser  
  160  15:55  Marine, Missile Turret  
  158  16:10  Factory  
  158  16:13  Marine  
  158  16:17  Missile Turret  
  159  16:22  Thor  
  159  16:24  Missile Turret  
  165  16:30  Marine  
  165  16:31  Battlecruiser  
  172  16:32  Terran Vehicle And Ship Armor Level 2  
  172  16:33  Planetary Fortress  
  172  16:35  Medivac  
  174  16:40  Missile Turret  
  174  16:43  Starport Tech Lab  
  174  16:46  Refinery  
  174  16:47  Drilling Claws  
  174  16:48  Marine  
  174  16:50  Corvid Reactor  
  174  16:53  Hi-Sec Auto Tracking  
  175  16:56  Barracks  
  175  16:58  Terran Ship Weapons Level 2  
  175  17:02  Refinery  
  175  17:12  Factory Tech Lab  
  175  17:45  Factory  
  175  17:50  Terran Infantry Armor Level 2  
  169  18:06  Mag-Field Accelerator  
  163  18:18  Command Center, Missile Turret  
  163  18:23  Missile Turret  
  163  18:30  Command Center, Missile Turret  
  163  18:33  Missile Turret  
  163  18:36  Missile Turret  
  163  18:37  Factory Tech Lab  
  163  18:39  Barracks Tech Lab  
  163  18:40  Missile Turret  
  163  18:41  Barracks Reactor  
  163  18:45  Missile Turret  
  163  18:47  Battlecruiser  
  169  18:58  Command Center  
  169  19:30  SCV x6, Marine x3, Thor  
  184  19:41  SCV, Thor, Battlecruiser  
  197  19:46  Smart Servos  
  197  19:47  Marine x2  
  197  19:50  Thor  
  199  20:09  Marine  
  199  20:12  Missile Turret  
  200  20:16  SCV x4, Marine x2  
  200  20:21  SCV x3  
  197  20:32  Terran Vehicle Weapons Level 2  
  197  20:33  Missile Turret, Terran Ship Weapons Level 3  
  191  20:44  Marine x3  
  191  20:45  Thor  
  199  20:54  Missile Turret  
  199  21:02  Marine, Planetary Fortress  
  200  21:04  Infernal Pre-Igniter  
  200  21:08  Orbital Command  
  200  21:10  Planetary Fortress  
  197  21:20  Rapid Reignition System, Combat Shield  
  197  21:41  Marine x2  
  197  21:42  Marine  
  183  22:15  Missile Turret  
  180  22:34  Command Center  
  180  22:37  Missile Turret  
  180  22:57  Missile Turret  
  174  23:19  Missile Turret  
Show
View Real Time Build Order
Export as new Build Order

Potatolisk Zerg 

Build Orders: Hatch First 

Get SALT Encoding   

  12  0:01  Drone  
  13  0:14  Overlord  
  13  0:25  Drone  
  14  0:33  Drone x2  
  16  0:38  Drone  
  17  0:54  Hatchery  
  16  1:02  Drone x2  
  18  1:07  Extractor  
  17  1:17  Spawning Pool  
  16  1:21  Drone  
  16  1:24  Drone  
  18  1:30  Drone  
  19  1:52  Hatchery  
  18  1:58  Drone  
  18  1:59  Drone  
  20  2:10  Drone x2  
  20  2:14  Queen  
  24  2:23  Baneling Nest  
  23  2:31  Extractor, Drone  
  23  2:32  Drone  
  23  2:34  Drone  
  23  2:36  Drone  
  26  2:40  Drone  
  26  2:43  Drone  
  28  2:49  Overlord  
  28  2:57  Lair  
  28  3:02  Overlord  
  28  3:40  Queen  
  28  3:41  Queen  
  30  3:42  Drone  
  30  3:43  Drone x9  
  42  3:50  Drone x2  
  42  3:55  Extractor  
  43  3:57  Extractor  
  43  3:59  Queen  
  43  4:02  Drone x3  
  47  4:08  Overlord  
  47  4:11  Overlord  
  47  4:16  Centrifical Hooks  
  47  4:20  Pneumatized Carapace  
  47  4:25  Metabolic Boost  
  49  4:38  Drone x5  
  52  4:51  Spine Crawler  
  49  4:52  Spine Crawler  
  49  4:53  Zergling x6  
  49  4:54  Zergling x4  
  53  5:07  Drone x3  
  56  5:17  Hatchery  
  56  5:18  Baneling x8  
  56  5:19  Overlord  
  55  5:21  Overlord  
  55  5:29  Zergling x10  
  60  5:38  Drone  
  60  5:39  Evolution Chamber  
  60  5:40  Drone  
  61  5:44  Evolution Chamber  
  61  5:48  Zergling x8  
  64  5:53  Baneling x8  
  64  5:54  Baneling x2  
  64  6:09  Baneling x9  
  64  6:12  Zerg Ground Armor Level 1  
  64  6:13  Zerg Melee Weapons Level 1  
  64  6:15  Drone x3  
  67  6:28  Zergling x2  
  67  6:29  Zergling x10  
  73  6:42  Drone  
  73  6:43  Drone x3, Queen  
  79  7:13  Zergling x6  
  79  7:15  Overlord x5  
  82  7:16  Overlord  
  82  7:22  Extractor  
  81  7:28  Spore Crawler  
  80  7:30  Spore Crawler  
  80  7:31  Queen  
  80  7:33  Drone, Queen x2  
  80  7:34  Drone  
  87  7:40  Baneling x14  
  87  7:41  Baneling x5  
  87  7:48  Drone x7  
  94  7:56  Drone x4  
  94  7:57  Drone  
  100  8:20  Zergling x16  
  100  8:25  Burrow  
  102  8:41  Extractor  
  102  8:42  Drone x3  
  104  8:51  Zerg Ground Armor Level 2  
  104  8:52  Zerg Melee Weapons Level 2  
  104  8:53  Infestation Pit  
  103  8:59  Drone x6  
  103  9:19  Hatchery  
  94  9:39  Overlord x8  
  94  9:44  Hive  
  94  10:02  Overlord  
  94  10:03  Overlord x4  
  94  10:09  Zergling x2  
  94  10:10  Zergling x8  
  98  10:14  Drone x6  
  101  10:42  Extractor, Spire  
  99  10:46  Hydralisk Den  
  99  10:47  Extractor  
  97  10:54  Queen x3  
  97  10:55  Overlord  
  97  10:56  Overlord x7  
  103  11:02  Zergling x26  
  116  11:08  Queen  
  116  11:13  Drone x3  
  116  11:14  Drone x3  
  122  11:19  Spore Crawler  
  122  11:22  Zergling x18  
  128  11:29  Queen  
  120  11:47  Drone x11  
  120  11:48  Drone x2  
  132  12:04  Zergling x10  
  137  12:32  Hatchery  
  136  12:51  Ultralisk Cavern, Zerg Flyer Armor Level 1  
  135  12:55  Zerg Melee Weapons Level 3, Zerg Ground Armor Level 3  
  135  13:05  Baneling x12  
  135  13:06  Baneling x28  
  135  13:07  Baneling x6  
  135  13:08  Zergling x26  
  135  13:09  Zergling x24  
  160  13:17  Spore Crawler  
  159  13:36  Baneling x13  
  159  13:37  Baneling x27  
  159  13:38  Baneling x10  
  159  13:41  Adrenal Glands  
  159  13:42  Chitinous Plating  
  158  13:50  Spore Crawler  
  158  13:52  Spore Crawler  
  158  13:53  Spore Crawler  
  154  13:55  Spore Crawler  
  154  13:56  Spore Crawler  
  154  13:58  Queen x2  
  154  13:59  Queen x2  
  160  14:28  Drone x4  
  160  14:34  Queen  
  162  14:45  Hatchery  
  159  14:46  Hatchery  
  135  15:01  Anabolic Synthesis  
  115  15:15  Overlord  
  115  15:16  Overlord x14  
  113  15:23  Grooved Spines  
  113  15:24  Greater Spire  
  113  15:32  Zerg Missile Weapons Level 1  
  112  16:00  Hydralisk x3  
  112  16:01  Hydralisk x25  
  166  16:16  Drone x6  
  172  16:20  Extractor x2  
  172  16:25  Pathogen Glands  
  170  16:32  Lurker Den  
  169  16:35  Muscular Augments  
  169  17:10  Hydralisk x10  
  169  17:13  Overlord x6  
  189  17:18  Zerg Flyer Armor Level 2  
  189  17:21  Neural Parasite  
  189  17:32  Hatchery  
  189  17:34  Hydralisk, Spore Crawler  
  189  17:35  Hydralisk x5  
  199  18:02  Extractor  
  199  18:03  Extractor  
  197  18:15  Zerg Missile Weapons Level 2  
  197  18:19  Adaptive Talons  
  197  18:54  Lurker x3  
  190  19:16  Seismic Spines  
  176  19:39  Drone x11  
  175  19:54  Hatchery  
  174  20:01  Drone x5  
  112  21:39  Ultralisk x14  
  170  22:25  Queen x4  
  170  22:26  Hatchery, Queen x2  
Tags
 
Add a new tag
Caveats
  • Supply blocks, unpowered buildings, or Contaminate may cause inaccurate times.
  • Supply counts are checked every 10 seconds.